 Dungeon Crawl Stone Soup version 0.24.1-11-gbbbb2193e6 (webtiles) character file.

Game seed: 304912705879104494, levelgen mode: deterministic

39 Hugehornet the Insei (level 3, 0/23 HPs)
             Began as an Octopode Transmuter on May 13, 2020.
             Slain by Sigmund
             ... wielding a +0 scythe
              (5 damage)
             ... on level 2 of the Dungeon.
             The game lasted 00:04:00 (1417 turns).

Hugehornet the Insei (Octopode Transmuter)          Turns: 1417, Time: 00:04:01

Health: 0/23       AC:  1    Str:  9    XL:     3   Next: 47%
Magic:  4/6        EV: 13    Int: 16    God:
Gold:   48         SH:  0    Dex: 12    Spells: 1/7 levels left

rFire    . . .     SeeInvis .     - Unarmed
rCold    . . .     Gourm    .   (no shield)
rNeg     . . .     Faith    .   (helmet restricted)
rPois    .         Spirit   .   (no amulet)
rElec    .         Reflect  .   (no ring)
rCorr    .         Harm     .   (no ring)
MR       .....                  (no ring)
Stlth    ++........             (no ring)
HPRegen  0.07/turn              (no ring)
MPRegen  0.10/turn              (no ring)
                                (no ring)
                                (no ring)

@: very slightly contaminated
A: almost no armour, stealthy swim, amphibious, 8 rings, constrict 8, camouflage
1, gelatinous body 1
a: no special abilities


You were on level 2 of the Dungeon.
You were not hungry.

You visited 1 branch of the dungeon, and saw 2 of its levels.

You collected 48 gold pieces.

Inventory:

Missiles
 a - 12 arrows
Scrolls
 d - a scroll of identify {unknown}
 f - a scroll of remove curse {unknown}
 g - a scroll of fog {unknown}
 i - a scroll of noise {unknown}
 k - a scroll of immolation {unknown}
 l - a scroll of teleportation {unknown}
Potions
 b - 4 potions of cancellation {unknown}
 e - 2 potions of curing {unknown}
 h - a potion of brilliance {unknown}
 j - a potion of lignification {unknown}
Comestibles
 c - 4 rations


   Skills:
 - Level 1.0 Fighting
 - Level 2.0 Dodging
 + Level 3.1 Unarmed Combat
 + Level 2.5 Spellcasting
 - Level 3.0 Transmutations
 * Level 1.0 Poison Magic


You had one spell level left.
You knew the following spells:

 Your Spells              Type           Power        Failure   Level  Hunger
a - Beastly Appendage     Tmut           ##....       6%          1    #......
b - Sticks to Snakes      Tmut           ##......     9%          2    ##.....
c - Spider Form           Tmut/Pois      #.........   26%         3    ###....

Your spell library contained the following spells:

 Spells                   Type           Power        Failure   Level  Hunger
 Ice Form                 Ice/Tmut       #.......     71%         4    #####..
 Blade Hands              Tmut           ##........   85%         5    ######.


Dungeon Overview and Level Annotations

Branches:
Dungeon (2/15)

Altars:

Annotations:
D:2 Sigmund


Innate Abilities, Weirdness & Mutations

You cannot wear most types of armour.
You are very stealthy in the water. (Stealth+)
You are amphibious.
You can wear up to eight rings at the same time.
You can use your tentacles to constrict eight enemies at once.
Your skin changes colour to match your surroundings (Stealth+).
Your rubbery body absorbs attacks. (AC +1, EV +1)


Message History

Casting: Beastly Appendage (safe; 6% risk of failure)
Confirm with . or Enter, or press ? or * to list all spells.
You miscast Spider Form.
You are very lightly contaminated with residual magic.
Your vision is briefly tinged with green.
Sigmund hits you from afar with a +0 scythe.
* * * LOW HITPOINT WARNING * * *
Casting: Spider Form (safe; 26% risk of failure)
Confirm with . or Enter, or press ? or * to list all spells.
You don't have enough magic to cast that spell.
Your transformation is almost over.
Sigmund points at you and mumbles some strange words.
You are confused.
Sigmund closely misses you.
You bump into the rock wall.
Sigmund hits you but does no damage.
You bump into the rock wall.
Sigmund completely misses you.
Your tentacle spike disappears.
You feel less confused.
Sigmund hits you from afar with a +0 scythe.
You die...

#.......# #.. #.....†.#
#.. #.......# #..
#.....(.# #.. #.......#
#######.. #.......#
#........ #......@#
#........
#.......#########........
........@.........#......
#.......#########.#......
.........# ..#.#......
#######.... #.#.#......
##############.#.#(.....
............##'#+#......
#..<................
#.....................##
#.###.................+


You could see Sigmund.

Vanquished Creatures
  Robin (D:2)
  A dart slug (D:1)
  2 bats (D:1)
  2 giant cockroaches
  12 goblins
  4 frilled lizards
  3 kobolds
  A rat (D:1)
26 creatures vanquished.

Notes
Turn   | Place    | Note
-------+----------+-------------------------------------------
     0 | D:1      | Hugehornet the Octopode Transmuter began the quest for the
                  | Orb.
     0 | D:1      | Reached XP level 1. HP: 13/13 MP: 3/3
   623 | D:1      | Reached XP level 2. HP: 18/18 MP: 3/5
   627 | D:1      | Learned a level 2 spell: Sticks to Snakes
   801 | D:2      | Noticed Robin
  1067 | D:2      | Reached XP level 3. HP: 20/23 MP: 4/6
  1072 | D:2      | Learned a level 3 spell: Spider Form
  1110 | D:2      | Killed Robin
  1115 | D:2      | Reached skill level 1 in Poison Magic
  1397 | D:2      | Noticed Sigmund
  1417 | D:2      | Slain by Sigmund

Levels and vault maps discovered:
D:1:      saegor_arrival_under_anarchy, layout_loops_ring,
          minmay_misc_feat_square, st_stairs_3,
          wander_ebering_terrifying_dragon_lair
D:2:      layout_basic, uniq_robin, uniq_terence, uniq_sigmund, uniq_natasha

Skill      XL: |  1  2  3 |
---------------+----------+-----
Transmutations | 3 |  3.0
Poison Magic   | 1 |  1.0
Fighting       | |  1.0
Dodging        | |  2.0
Unarmed Combat | |  3.1
Spellcasting   | |  2.5

Action                   || total
-------------------------++-------
Melee: Unarmed           ||    54
       Kick              ||    11
       Constrict         ||    13
       Tentacles         ||     6
       Punch             ||     1
 Cast: Beastly Appendage ||    16
       Spider Form       ||     1
 Stab: Sleeping          ||     2
  Eat: Chunk             ||     2
Armor: Skin              ||     8
Dodge: Dodged            ||    40
